 Dungeon Crawl Stone Soup version 0.30-a0-528-g8c47a4955b (webtiles) character file.

Game seed: 5457105585381991043

77 arthad the Magician (level 4, -1/32 HPs)
             Began as a Gnoll Hedge Wizard on Dec 24, 2022.
             Succumbed to Crazy Yiuf's poison
             ... on level 2 of the Dungeon.
             The game lasted 00:06:31 (2332 turns).

arthad the Magician (Gnoll Hedge Wizard)            Turns: 2332, Time: 00:06:31

Health: -1/32      AC:  2    Str: 15    XL:     4   Next: 33%
Magic:  10/13      EV: 13    Int: 15    God:
Gold:   87         SH:  0    Dex: 12    Spells: 8/17 levels left

rFire   . . .      SeeInvis .    r - staff of conjuration
rCold   . . .      Faith    .    (no shield)
rNeg    . . .      Spirit   .    b - +0 robe
rPois   .          Reflect  .    c - +0 hat
rElec   .          Harm     .    l - +0 cloak
rCorr   .          Rampage  .    (no gloves)
Will    .....                    (no boots)
Stlth   ++                       (no amulet)
HPRegen 0.25/turn                p - +6 ring of strength
MPRegen 0.13/turn                (no ring)

@: lethally poisoned (-1 -> -15)
A: fangs 1, strong nose, distributed training, horns 1, deformed body, evolution
1, subdued magic 1
a: no special abilities


You were on level 2 of the Dungeon.
You visited 1 branch of the dungeon, and saw 2 of its levels.

You collected 87 gold pieces.

Inventory:

Hand Weapons
 a - a +0 dagger
 k - a +2 short sword of electrocution
Missiles
 m - 5 javelins
Armour
 b - a +0 robe (worn)
 c - a +0 hat (worn)
 i - an orb of mayhem
 l - a +0 cloak (worn)
Magical Staves
 r - a staff of conjuration (weapon)
 s - a staff of poison
Jewellery
 p - a +6 ring of strength (left hand)
 u - a ring of protection from fire
Scrolls
 e - a scroll of poison {unknown}
 g - 6 scrolls of identify {unknown}
 h - a scroll of noise {unknown}
 j - a scroll of teleportation {unknown}
 n - a scroll of enchant armour {unknown}
 o - 2 scrolls of blinking {unknown}
 t - a scroll of amnesia {unknown}
 v - a scroll of torment {unknown}
Potions
 d - a potion of magic
 f - a potion of flight {unknown}
 q - 2 potions of mutation
 w - a potion of ambrosia {unknown}


   Skills:
 + Level 1.1 Fighting
 + Level 1.1 Short Blades
 + Level 1.1 Long Blades
 + Level 1.1 Axes
 + Level 1.1 Maces & Flails
 + Level 1.1 Polearms
 + Level 1.1 Staves
 + Level 1.1 Ranged Weapons
 + Level 1.1 Throwing
 + Level 1.1 Armour
 + Level 4.6 Dodging
 + Level 4.2 Stealth
 + Level 1.1 Shields
 + Level 1.1 Unarmed Combat
 + Level 7.2 Spellcasting
 + Level 2.2 Conjurations
 + Level 0.9 Hexes
 + Level 2.2 Summonings
 + Level 0.9 Necromancy
 + Level 2.2 Translocations
 + Level 0.9 Transmutations
 + Level 0.9 Fire Magic
 + Level 0.9 Ice Magic
 + Level 0.9 Air Magic
 + Level 0.9 Earth Magic
 + Level 0.9 Poison Magic
 + Level 1.2 Invocations
 + Level 1.1 Evocations


You had 8 spell levels left.
You knew the following spells:

 Your Spells              Type           Power      Damage    Failure   Level
a - Magic Dart            Conj           56%        1d5       4%          1
b - Slow                  Hex            24%        N/A       7%          1
c - Blink                 Tloc           18%        N/A       6%          2
d - Call Imp              Summ           9%         N/A       6%          2
e - Mephitic Cloud        Conj/Pois/Air  11%        N/A       19%         3

Your spell library contained the following spells:

 Spells                   Type           Power      Damage    Failure   Level
 Foxfire                  Conj/Fire      44%        2x1d6     5%          1
 Kiss of Death            Conj/Necr      44%        2d8       5%          1
 Cigotuvi's Dreadful Rot  Necr/Pois/Air  12%        N/A       12%         2
 Gell's Gravitas          Tloc           9%         N/A       13%         3
 Lesser Beckoning         Tloc           18%        N/A       13%         3
 Teleport Other           Tloc           9%         N/A       13%         3
 Confusing Touch          Hex            6%         N/A       22%         3
 Dispel Undead            Necr           6%         3d8       61%         4
 Fireball                 Conj/Fire      5%         3d5       86%         5
 Starburst                Conj/Fire      5%         6d4       100%        6


Dungeon Overview and Level Annotations

Branches:
Dungeon (2/15)

Altars:

Annotations:
D:2 Crazy Yiuf


Innate Abilities, Weirdness & Mutations

You have very sharp teeth.
Your uncanny sense of smell can sniff out nearby items.
Your experience applies equally to all skills.
You have a pair of small horns on your head.
Armour fits poorly on your strangely shaped body.
You have hidden genetic potential.
Your spells are a little easier to cast, but a little less powerful.


Message History

Found a stone staircase leading down.
Found a long sword.
Found 4 stones.
w - a metallic clear potion
Found a hammer.
Found a hammer.
Found a runed translucent door.
Crazy Yiuf shouts!
You see here a +0 hammer.
Could not explore, unopened runed door.
Casting: Magic Dart (safe; 5% risk of failure)
Confirm with . or Enter, or press ? or * to list all spells.
A beastly little devil appears in a puff of flame.
You open the door.
Your crimson imp blinks!
Casting: Call Imp (safe; 8% risk of failure)
Confirm with . or Enter, or press ? or * to list all spells.
Aiming: Slow (safe; 9% risk of failure)
Press: ? - help, Shift-Dir - straight line, f - Crazy Yiuf
Aim: Crazy Yiuf, wielding a +3 quarterstaff of chaos and wearing a +0 cloak (ally target, chance to affect: 50%)
Okay, then.
Casting: Slow (safe; 9% risk of failure)
Confirm with . or Enter, or press ? or * to list all spells.
Aiming: Magic Dart (safe; 5% risk of failure)
Press: ? - help, Shift-Dir - straight line, f - Crazy Yiuf
Aim: Crazy Yiuf, wielding a +3 quarterstaff of chaos and wearing a +0 cloak (ally target, 100% to hit)
You feel a surge of power!
The magic dart hits Crazy Yiuf but does no damage.
Crazy Yiuf hits you with a +3 quarterstaff of chaos!
You are lethally poisoned!
You feel very sick. Crazy Yiuf attacks as you move away!
Crazy Yiuf hits you with a +3 quarterstaff of chaos!
* * * LOW HITPOINT WARNING * * *
x2 You feel very sick.
Crazy Yiuf says, "Prologue aubergine arm!"
It was a potion of mutation.
You feel extremely strange.
Your body twists and deforms.
Your connection to magic feels subdued.
A pair of horns grows on your head!
You feel a hidden potential growing inside you.
You die...

### #.. #.. #..
####### #.. ###
###.#...### #..
#...##g@#......##
#..
#...5.####.)....####
#.. #)..###
##..#.....###.. ###
#####..#...###
#...#######
###.##.....
#########.##.....
##.........##.....
#..#####..###.....


You could see Crazy Yiuf (ally target) and a friendly crimson imp (summoned).

Vanquished Creatures
  2 gnolls
  2 worms (D:2)
  A dart slug (D:1)
  3 bats
  4 endoplasms
  A giant cockroach (D:1)
  2 goblins
  A hobgoblin (D:2)
  7 jackals
  4 quokkas
  6 ball pythons (D:1)
  6 frilled lizards
  4 kobolds (D:1)
  A rat (D:2)
44 creatures vanquished.

Notes
Turn   | Place    | Note
-------+----------+-------------------------------------------
     0 | D:1      | arthad the Gnoll Hedge Wizard began the quest for the Orb.
     0 | D:1      | Reached XP level 1. HP: 13/13 MP: 8/8
   152 | D:1      | Learned a level 1 spell: Slow
   319 | D:1      | Reached XP level 2. HP: 19/19 MP: 8/10
   660 | D:1      | Reached XP level 3. HP: 25/25 MP: 2/11
   669 | D:1      | Learned a level 2 spell: Blink
   672 | D:1      | Learned a level 2 spell: Call Imp
   676 | D:1      | Learned a level 3 spell: Mephitic Cloud
   840 | D:1      | Reached skill level 1 in Invocations
  1346 | D:2      | Reached skill level 1 in Fighting
  1346 | D:2      | Reached skill level 1 in Short Blades
  1346 | D:2      | Reached skill level 1 in Long Blades
  1346 | D:2      | Reached skill level 1 in Axes
  1346 | D:2      | Reached skill level 1 in Maces & Flails
  1346 | D:2      | Reached skill level 1 in Polearms
  1346 | D:2      | Reached skill level 1 in Staves
  1346 | D:2      | Reached skill level 1 in Ranged Weapons
  1346 | D:2      | Reached skill level 1 in Throwing
  1346 | D:2      | Reached skill level 1 in Armour
  1346 | D:2      | Reached skill level 1 in Shields
  1346 | D:2      | Reached skill level 1 in Unarmed Combat
  1346 | D:2      | Reached skill level 1 in Evocations
  1677 | D:2      | Reached XP level 4. HP: 30/32 MP: 0/13
  1775 | D:2      | Found a faded altar of an unknown god.
  2297 | D:2      | Found a runed translucent door.
  2298 | D:2      | Noticed Crazy Yiuf
  2332 | D:2      | Gained mutation: Armour fits poorly on your strangely
                  | shaped body. [potion of mutation]
  2332 | D:2      | Gained mutation: Your spells are a little easier to cast,
                  | but a little less powerful. [potion of mutation]
  2332 | D:2      | Gained mutation: You have a pair of small horns on your
                  | head. [potion of mutation]
  2332 | D:2      | Gained mutation: You have hidden genetic potential. [potion
                  | of mutation]
  2332 | D:2      | Succumbed to Crazy Yiuf's poison

Illustrated notes

Levels and vault maps discovered:
D:1:      lightli_arrival_quake, layout_basic, hangedman_decor_points
D:2:      layout_rooms, hellmonk_ecumenical_altar_crossroads, minivault_14,
          nicolae_concentric_dashed_squares_mild, kennysheep_another_room,
          kennysheep_generic_room_4, uniq_crazy_yiuf_cottage

Skill      XL: |  1  2  3 |
---------------+----------+-----
Conjurations   | 2 |  2.2
Summonings     | 2 |  2.2
Translocations | 2 |  2.2
Invocations    | 1 |  1.2
Fighting       | 1 |  1.1
Short Blades   | 1 |  1.1
Long Blades    | 1 |  1.1
Axes           | 1 |  1.1
Maces & Flails | 1 |  1.1
Polearms       | 1 |  1.1
Staves         | 1 |  1.1
Ranged Weapons | 1 |  1.1
Throwing       | 1 |  1.1
Armour         | 1 |  1.1
Shields        | 1 |  1.1
Unarmed Combat | 1 |  1.1
Evocations     | 1 |  1.1
Dodging        | |  4.6
Stealth        | |  4.2
Spellcasting   | |  7.2
Hexes          | |  0.9
Necromancy     | |  0.9
Transmutations | |  0.9
Fire Magic     | |  0.9
Ice Magic      | |  0.9
Air Magic      | |  0.9
Earth Magic    | |  0.9
Poison Magic   | |  0.9

Action                   |  1- 3 |  4- 6 || total
-------------------------+-------+-------++-------
Melee: Short sword       |    12 |     4 ||    16
 Cast: Magic Dart        |   104 |    28 ||   132
       Call Imp          |       |     2 ||     2
  Use: Potion            |       |     1 ||     1
Armor: Robe              |     5 |       ||     5
Dodge: Dodged            |    17 |     9 ||    26

Table legend: (Time is in decaauts)
 A = Elapsed time spent in this place.
 B = Non-inter-level travel time spent in this place.
 C = Inter-level travel time spent in this place.
 D = Time resting spent in this place.
 E = Time spent auto-exploring this place.
 F = Levels seen in this place.
 G = Mean time per level.
                   A        B        C        D        E       F      G
               +--------+--------+--------+--------+--------+-----+--------+
         Total |   2328 |   2296 |     32 |     53 |   1934 |   2 | 1164.0 |
       Dungeon |   2328 |   2296 |     32 |     53 |   1934 |   2 | 1164.0 |
               +--------+--------+--------+--------+--------+-----+--------+

Top non-repeatable levels by time:
     D:1: 1231 daAuts
     D:2: 1096 daAuts
